 Dungeon Crawl Stone Soup version 0.30-a0-719-gcc4359ea44 (webtiles) character file.

Game seed: 12197386561034084406

200 NinjaNoafa the Digger (level 5, -6/28 HPs)
             Began as a Gargoyle Earth Elementalist on Jan 26, 2023.
             Mangled by a wight
             ... wielding a +2 mace
              (7 damage)
             ... on level 3 of the Dungeon.
             The game lasted 00:03:04 (2321 turns).

NinjaNoafa the Digger (Gargoyle Earth Elementalist) Turns: 2321, Time: 00:03:05

Health: -6/28      AC: 12    Str: 17    XL:     5   Next: 79%
Magic:  6/10       EV: 10    Int: 18    God:
Gold:   82         SH:  0    Dex: 10    Spells: 8/11 levels left

rFire   + . .      SeeInvis .    q - +0 flail
rCold   . . .      Faith    .    (no shield)
rNeg    + . .      Spirit   .    c - +0 swamp dragon scales
rPois   ∞          Reflect  .    (no helmet)
rElec   +          Harm     .    n - +0 cloak
rCorr   .          Rampage  .    (no gloves)
Will    .....                    (no boots)
Stlth   +                        (no amulet)
HPRegen 0.24/turn                i - ring of protection from fire
MPRegen 0.12/turn                o - +6 ring of strength

@: no status effects
A: sickness immunity, AC +4, negative energy resistance 1, electricity
resistance, torment resistance 1, petrification resistance
a: no special abilities


You were on level 3 of the Dungeon.
You visited 1 branch of the dungeon, and saw 3 of its levels.

You collected 82 gold pieces.

Inventory:

Hand Weapons
 q - a +0 flail (weapon)
Missiles
 j - 12 datura-tipped darts
Armour
 c - +0 swamp dragon scales (worn)
 n - a +0 cloak (worn)
Jewellery
 i - a ring of protection from fire (left hand)
 o - a +6 ring of strength (right hand)
Scrolls
 d - a scroll of brand weapon {unknown}
 f - a scroll of teleportation {unknown}
 g - 5 scrolls of identify {unknown}
 h - a scroll of enchant armour {unknown}
 m - a scroll of fear {unknown}
Potions
 b - a potion of magic
 e - a potion of brilliance {unknown}
 k - a potion of cancellation {unknown}
 l - 2 potions of haste {unknown}
 p - 2 potions of might {unknown}


   Skills:
 * Level 1.1 Armour
 - Level 1.5 Dodging
 - Level 3.0 Stealth
 + Level 3.7 Spellcasting
 + Level 2.1 Transmutations
 + Level 4.7 Earth Magic


You had 8 spell levels left.
You knew the following spells:

 Your Spells              Type           Power      Damage    Failure   Level
a - Sandblast             Erth           40%        2d10      4%          1
b - Passwall              Tmut/Erth      12%        N/A       11%         2

Your spell library contained the following spells:

 Spells                   Type           Power      Damage    Failure   Level
 Stone Arrow              Conj/Erth      22%        3d8       32%         3
 Petrify                  Tmut/Erth      15%        N/A       56%         4


Dungeon Overview and Level Annotations

Branches:
Dungeon (3/15)

Altars:


Innate Abilities, Weirdness & Mutations

You are immune to sickness and miasma.
Your stone body is resilient. (AC +4)
You are immune to poison.
You resist negative energy. (rN+)
You are resistant to electric shocks. (rElec)
You are resistant to unholy torment.
You are immune to petrification.


Message History

A wight comes into view. It is wielding a +0 great sword.
A wight is nearby!
A wight comes into view. It is wielding a +2 mace.
Found a scroll labelled DAPLO ZOTESCH.
A wight comes into view. It is wielding a +2 dagger of freezing.
The blast of sand hits the wight but does no damage.
The blast of sand misses the wight.
The wight barely misses you.
The wight hits you with a +0 great sword.
The blast of sand hits the wight but does no damage.
The wight misses you. The wight hits you with a +2 mace.
The blast of sand hits the wight.
The wight is moderately damaged.
The wight hits you with a +0 great sword!
* * * LOW HITPOINT WARNING * * *
The wight hits you but does no damage. The wight closely misses you.
The wight attacks as you move away! The wight hits you but does no damage.
The wight attacks as you move away!
The wight hits you with a +2 dagger of freezing.
* * * LOW HITPOINT WARNING * * *
The wight freezes you.
* * * LOW HITPOINT WARNING * * *
The wight attacks as you move away! The wight barely misses you.
The wight attacks as you move away!
The wight hits you with a +2 dagger of freezing.
* * * LOW HITPOINT WARNING * * *
The wight freezes you.
* * * LOW HITPOINT WARNING * * *
The wight attacks as you move away! The wight barely misses you.
Casting: Sandblast (safe; 4% risk of failure)
Confirm with . or Enter, or press ? or * to list all spells.
Aiming: Passwall (safe; 11% risk of failure)
Press: ? - help, Dir - move target, p - wight A rock wall.
The wight hits you with a +2 dagger of freezing.
* * * LOW HITPOINT WARNING * * *
The wight freezes you.
* * * LOW HITPOINT WARNING * * *
You begin to meditate on the wall.
You continue meditating on the rock.
The wight completely misses you. The wight hits you with a +2 mace!
You die...

....... #..........
...#... #...†......
.. #... #..........
# #..####.##......
.. ..###...####....
#.... ##.....## ..#.
#.... #....z..# .
#....###..zz.##
#.....###†.@##
.......##.#### ...
.............# .....
.......†.....##.....
......#.............
.......[............
...................
................#
..#
###...###.......#
....


You could see 3 wights.

Vanquished Creatures
  A vampire bat (D:3)
  2 orc wizards (D:3)
  4 adders (D:2)
  A dart slug (D:2)
  5 orcs (D:3)
  9 ball pythons
  5 endoplasms
  4 giant cockroaches
  3 goblins
  10 hobgoblins
  5 kobolds
  8 bats
  4 frilled lizards
  6 rats
67 creatures vanquished.

Vanquished Creatures (others)
  A plant (D:3)
1 creature vanquished.

Grand Total: 68 creatures vanquished

Notes
Turn   | Place    | Note
-------+----------+-------------------------------------------
     0 | D:1      | NinjaNoafa the Gargoyle Earth Elementalist began the quest
                  | for the Orb.
     0 | D:1      | Reached XP level 1. HP: 10/10 MP: 3/3
   249 | D:1      | Reached XP level 2. HP: 15/15 MP: 0/5
   730 | D:1      | Reached XP level 3. HP: 19/19 MP: 1/7
  1155 | D:1      | Learned a level 2 spell: Passwall
  1283 | D:2      | Reached skill level 1 in Transmutations
  1609 | D:2      | Reached XP level 4. HP: 24/24 MP: 3/8
  1714 | D:2      | Reached skill level 4 in Earth Magic
  2115 | D:3      | Reached XP level 5. HP: 28/28 MP: 6/10
  2214 | D:3      | Reached skill level 1 in Armour
  2320 | D:3      | HP: 1/28 [wight/+2 dagger of freezing (2)]
  2321 | D:3      | Mangled by a wight

Illustrated notes

Levels and vault maps discovered:
D:1:      ncdulo_halloftheorcs, layout_loops_ring, serial_co_window_serial,
          co_window_paths_b, co_window_of_opportunity_a, co_window_paths_a,
          co_window_paths_b, co_window_paths_a, co_window_broadway_a,
          co_window_of_opportunity_b, co_window_broadway_a,
          co_window_of_opportunity_c, co_window_paths_c, co_window_2corner,
          glass_columns_b, glass_columns_a, glass_columns_a, glass_columns_a,
          glass_columns_b, wander_ebering_terrifying_dragon_lair
D:2:      layout_loops_cross
D:3:      layout_basic, dreamdust_ecumenical_altar_angels_and_demons,
          roderic_batcave, hangedman_decor_growths, minivault_23,
          serial_park_tiny_pond, kennysheep_minor_cross, serial_bayou_pond_e

Skill      XL: |  1  2  3  4  5 |
---------------+----------------+-----
Stealth        | 3 |  3.0
Spellcasting   | 3 |  3.7
Transmutations | 1 2 |  2.1
Earth Magic    | 4 |  4.7
Armour         | 1 |  1.1
Dodging        | |  1.5

Action                     |  1- 3 |  4- 6 || total
---------------------------+-------+-------++-------
  Melee: Short sword       |    13 |     2 ||    15
         Punch             |     1 |       ||     1
   Cast: Sandblast         |    49 |    40 ||    89
         Passwall          |       |     1 ||     1
 Armour: Robe              |    12 |     3 ||    15
         Swamp dragon scal |       |    13 ||    13
  Dodge: Dodged            |    26 |    26 ||    52

Table legend: (Time is in decaauts)
 A = Elapsed time spent in this place.
 B = Non-inter-level travel time spent in this place.
 C = Inter-level travel time spent in this place.
 D = Time resting spent in this place.
 E = Time spent auto-exploring this place.
 F = Levels seen in this place.
 G = Mean time per level.
                   A        B        C        D        E       F      G
               +--------+--------+--------+--------+--------+-----+--------+
         Total |   2362 |   2348 |     14 |      0 |   1910 |   3 |  787.3 |
       Dungeon |   2362 |   2348 |     14 |      0 |   1910 |   3 |  787.3 |
               +--------+--------+--------+--------+--------+-----+--------+

Top non-repeatable levels by time:
     D:1: 1188 daAuts
     D:2: 813 daAuts
     D:3: 360 daAuts
